 Dungeon Crawl Stone Soup version 0.23.0 (webtiles) character file.

Game seed: 16008085842873166666

441 jgonzale2218 the Skirmisher (level 6, -3/44 HPs)
             Began as a Demonspawn Berserker on Feb 13, 2019.
             Was a Priest of Trog.
             Slain by an ice beast (15 damage)
             ... on level 5 of the Dungeon.
             The game lasted 00:27:48 (4854 turns).

jgonzale2218 the Skirmisher (Demonspawn Berserker)  Turns: 4854, Time: 00:27:50

Health: -3/44      AC: 14    Str: 17    XL:     6   Next: 70%
Magic:  6/6        EV:  6    Int:  8    God:    Trog [***...]
Gold:   164        SH:  0    Dex: 13    Spells: 5/5 levels left

rFire    . . .     SeeInvis .   h - +0 spear (freeze)
rCold    . . .     Gourm    .   (no shield)
rNeg     . . .     Faith    .   d - +0 plate armour
rPois    .         Spirit   .   (no helmet)
rElec    .         Reflect  .   (no cloak)
rCorr    .         Harm     +   (no gloves)
MR       +....                  j - +2 pair of boots
Stlth    ..........             o - amulet of harm
HPRegen  0.14/turn              g - ring of protection from magic
MPRegen  0.10/turn              (no ring)

@: no status effects
A: hooves 1, frail 1, powered by death 1, weak 1, wild magic 1
a: Berserk, Trog's Hand, Renounce Religion


You were on level 5 of the Dungeon.
You worshipped Trog.
Trog was most pleased with you.
You were not hungry.

You visited 2 branches of the dungeon, and saw 6 of its levels.

You collected 229 gold pieces.
You spent 65 gold pieces at shops.

Inventory:

Hand Weapons
 a - a +1 mace
 e - a +0 halberd of flaming
 h - a +0 spear of freezing (weapon)
 l - a +2 dagger of holy wrath
Armour
 b - a +0 animal skin
 d - a +0 plate armour (worn)
 f - a +1 leather armour
 j - a +2 pair of boots (worn)
Jewellery
 g - a ring of protection from magic (left hand)
 o - an amulet of harm (around neck)
Scrolls
 k - a scroll of remove curse
 p - a scroll of identify
Comestibles
 c - 7 rations


   Skills:
 + Level 4.6 Fighting
 + Level 4.1 Maces & Flails
 + Level 2.7 Polearms
 + Level 3.3 Armour
 + Level 2.2 Dodging
 + Level 0.3 Stealth


You had 5 spell levels left.
You didn't know any spells.
Your spell library contained the following spells:

 Spells                   Type           Power        Failure   Level  Hunger
 Corona                   Hex            #......      100%        1    ##.....
 Ensorcelled Hibernation  Hex/Ice        #.....       100%        2    ###....
 Confuse                  Hex            #.......     100%        3    ####...
 Dazzling Spray           Conj/Hex       #.....       100%        3    ####...
 Tukima's Dance           Hex            #.......     100%        3    ####...


Dungeon Overview and Level Annotations

Branches:
Dungeon (5/15)             Temple (1/1) D:4

Altars:
Fedhas
Hepliaklqana
Kikubaaqudgha
Makhleb
Nemelex Xobeh
Okawaru
Ru
Trog
Uskayaw
Vehumet
Zin

Shops:
D:4 %


Innate Abilities, Weirdness & Mutations

You have large cloven feet.
You regenerate a little health from kills.
You are frail. (-10% HP)
You are weak. (Str -2)
Your spells are a little harder to cast, but a little more powerful.


Message History

You become entangled in the net!
A kobold comes into view.
You struggle against the net.
A kobold comes into view.
A kobold comes into view. It is wielding a +0 dagger.
A big kobold comes into view. It is wielding a +0 club.
You tear a large gash into the net.
The kobold shouts! x2; You hear a shout!
A gnoll comes into view. It is wielding a +0 halberd.
You rip the net and break free!
A kobold comes into view.
The kobold hits you but does no damage. The kobold hits you but does no damage.
You closely miss the ice beast.
The ice beast is moderately wounded.
The kobold barely misses you. The gnoll barely misses you.
The ice beast hits you.
* * * LOW HITPOINT WARNING * * *
The ice beast freezes you!
You die...

#...#.......# #...........#
#...........# ###
#...#.......### #.##
##.##.#........ ##. #..#
#.##.#.#....##... . #..#
#.##.#.###..##..... ...#
####.##.#.###.....#...
##.#####.......Y@.gKK........
#...............K###.#......
#....o..........gK..........
...#............#..K...#.
####............#......#
##......................
#...................###
#...................#
#..........##.........


You could see an ice beast, a big kobold, 2 gnolls and 4 kobolds.

Vanquished Creatures
  2 orc priests
  2 centaur skeletons
  2 orc wizards (D:3)
  A worker ant zombie (D:5)
  6 gnolls (D:3)
  6 adders
  An adder skeleton (D:4)
  4 worms
  4 dart slugs
  A leopard gecko (D:5)
  23 orcs
  2 ball pythons
  A giant cockroach (D:3)
  9 goblins
  2 hobgoblins (D:3)
  9 jackals
  4 quokkas
  9 bats
  5 frilled lizards
  10 kobolds
  A quokka skeleton (D:4)
  8 rats
112 creatures vanquished.

Notes
Turn   | Place    | Note
-------+----------+-------------------------------------------
     0 | D:1      | jgonzale2218 the Demonspawn Berserker began the quest for
                  | the Orb.
     0 | D:1      | Reached XP level 1. HP: 18/18 MP: 1/1
   526 | D:1      | Gained mutation: You have large cloven feet. [demonic
                  | ancestry]
   526 | D:1      | Reached XP level 2. HP: 18/24 MP: 2/2
  1047 | D:2      | Reached XP level 3. HP: 15/29 MP: 3/3
  1561 | D:2      | Found an iron altar of Okawaru.
  2309 | D:3      | Reached XP level 4. HP: 19/37 MP: 4/4
  2462 | D:3      | Reached ** piety under Trog
  2750 | D:3      | Gained mutation: You regenerate a little health from kills.
                  | [demonic ancestry]
  2750 | D:3      | Reached XP level 5. HP: 39/42 MP: 5/5
  3264 | D:3      | Gained mutation: You occasionally shout uncontrollably at
                  | your foes. [potion of mutation]
  3264 | D:3      | Gained mutation: You have supernaturally acute eyesight.
                  | (SInv) [potion of mutation]
  3264 | D:3      | Gained mutation: You are agile. (Dex +2) [potion of
                  | mutation]
  3378 | D:3      | Reached *** piety under Trog
  3393 | D:3      | Reached skill level 1 in Polearms
  3684 | D:3      | Reached XP level 6. HP: 49/49 MP: 6/6
  3872 | D:3      | Found a faded altar of an unknown god.
  4208 | D:4      | Lost mutation: You occasionally shout uncontrollably at
                  | your foes. [potion of mutation]
  4208 | D:4      | Lost mutation: You are agile. (Dex +2) [potion of mutation]
  4208 | D:4      | Lost mutation: You have supernaturally acute eyesight.
                  | (SInv) [potion of mutation]
  4208 | D:4      | Gained mutation: You are weak. (Str -2) [potion of
                  | mutation]
  4208 | D:4      | Gained mutation: You are frail. (-10% HP) [potion of
                  | mutation]
  4208 | D:4      | Gained mutation: Your spells are a little harder to cast,
                  | but a little more powerful. [potion of mutation]
  4260 | D:4      | Found a staircase to the Ecumenical Temple.
  4335 | Temple   | Entered the Ecumenical Temple
  4715 | D:4      | Found Geor's Food Emporium.
  4720 | D:4      | Bought a ration for 65 gold pieces
  4726 | D:5      | Entered Level 5 of the Dungeon
  4776 | D:5      | Noticed an ice beast
  4854 | D:5      | Slain by an ice beast

Skill      XL: |  1  2  3  4  5  6 |
---------------+-------------------+-----
Armour         | 2 3 |  3.3
Maces & Flails | 3 4 |  4.1
Dodging        | 2 |  2.2
Fighting       | 4 |  4.6
Polearms       | 1 2 |  2.7
Stealth        | |  0.3

Action                   |  1- 3 |  4- 6 || total
-------------------------+-------+-------++-------
Melee: Mace              |   158 |    55 ||   213
       Spear             |       |   217 ||   217
       Halberd           |       |    50 ||    50
Invok: Trog's Hand       |       |     1 ||     1
  Use: Scroll            |     5 |     7 ||    12
       Potion            |     1 |     8 ||     9
  Eat: Ration            |     2 |     2 ||     4
Armor: Animal skin       |     2 |       ||     2
       Leather armour    |    52 |       ||    52
       Plate armour      |    63 |   343 ||   406
Dodge: Dodged            |   160 |   160 ||   320
